 Dungeon Crawl Stone Soup version 0.30-a0-451-ge042605de7 (webtiles) character file.

Game seed: 8077490153861727590

118834 cforsyth the Warrior (level 16, -4/232 HPs)
             Began as a Minotaur Berserker on Dec 11, 2022.
             Was the Champion of Trog.
             Slain by Donald
             ... wielding a +1 long sword of electrocution
              (12 damage)
             ... on level 1 of the Spider Nest.
             The game lasted 01:13:00 (30410 turns).

cforsyth the Warrior (Minotaur Berserker)          Turns: 30410, Time: 01:13:01

Health: -4/232     AC: 28    Str: 28    XL:     16   Next: 26%
Magic:  15/15      EV: 14    Int:  4    God:    Trog [******]
Gold:   3093       SH:  5    Dex: 12    Spells: 15/15 levels left

rFire   + . .      SeeInvis .    a - +2 battleaxe (vorpal)
rCold   . . .      Faith    .    (shield currently unavailable)
rNeg    . . .      Spirit   .    m - +0 plate armour
rPois   +          Reflect  +    y - +1 hat
rElec   .          Harm     .    H - +2 cloak {Stlth+}
rCorr   .          Rampage  .    K - +2 pair of gloves
Will    +....                    x - +1 pair of boots
Stlth   ..........               O - amulet of reflection
HPRegen 0.58/turn                C - ring of poison resistance
MPRegen 0.14/turn                M - ring of protection from fire

@: berserking (expiring), very quick
A: horns 2, retaliatory headbutt
a: Renounce Religion, Berserk, Trog's Hand, Brothers in Arms


You were on level 1 of the Spider Nest.
You worshipped Trog.
Trog was exalted by your worship.
You visited 4 branches of the dungeon, and saw 24 of its levels.
You also visited: Sewer and Volcano.

You collected 3093 gold pieces.

Inventory:

Hand Weapons
 a - a +2 vorpal battleaxe (weapon)
 b - the +6 arbalest "Damnation" {damnation}
   (You took it off an orc on level 10 of the Dungeon)

   Any ammunition fired from it explodes in a burst of damnation on striking a
   foe, dealing damage which bypasses armour.
 r - a +2 antimagic battleaxe
 s - the +11 trident of Xebry {flame, rCorr}
   (You found it on level 4 of the Dungeon)

   It burns those it strikes, dealing additional fire damage.
   rCorr:     It protects you from acid and corrosion.
 X - a +4 broad axe of flaming
Missiles
 V - 3 throwing nets
Armour
 m - a +0 plate armour (worn)
 x - a +1 pair of boots (worn)
 y - a +1 hat (worn)
 H - a +2 cloak of stealth (worn)
 K - a +2 pair of gloves (worn)
Jewellery
 o - a ring of protection from cold
 C - a ring of poison resistance (left hand)
 G - a ring of willpower
 M - a ring of protection from fire (right hand)
 N - a ring of resist corrosion
 O - an amulet of reflection (around neck)
 P - the amulet "Keuz" {RegenMP Str+7}
   (You found it on level 3 of the Lair of Beasts)

   [amulet of magic regeneration]

   It increases your rate of magic regeneration.
   Str:       It affects your strength (+7).
 U - an amulet of regeneration
Wands
 h - a wand of polymorph (9)
 t - a wand of flame (53)
 w - a wand of paralysis (45)
 E - a wand of digging (11)
 F - a wand of mindburst (26)
 J - a wand of iceblast (25)
 R - a wand of acid (13)
Scrolls
 c - 3 scrolls of vulnerability
 f - 2 scrolls of brand weapon
 g - 4 scrolls of magic mapping
 i - a scroll of silence
 l - a scroll of fear
 n - 5 scrolls of immolation
 q - 9 scrolls of identify
 I - a scroll of fog
 L - 4 scrolls of enchant weapon
 Q - 5 scrolls of blinking
 S - 8 scrolls of teleportation
 W - 3 scrolls of poison
 Y - 2 scrolls of enchant armour
Potions
 d - 13 potions of curing
 e - a potion of cancellation
 j - 12 potions of might
 k - 7 potions of flight
 p - a potion of attraction
 v - 2 potions of berserk rage
 z - 5 potions of haste
 A - 6 potions of heal wounds
 B - 2 potions of ambrosia
 D - a potion of mutation
 T - 5 potions of lignification
 Z - 2 potions of resistance


   Skills:
 + Level 17.0 Fighting
 + Level 16.9 Axes
 + Level 11.7 Ranged Weapons
 + Level 16.8 Armour
 + Level 15.5 Dodging


You had 15 spell levels left.
You didn't know any spells.
Your spell library was empty.

Dungeon Overview and Level Annotations

Branches:
Dungeon (15/15)            Temple (0/1) D:4            Lair (5/5) D:9
 Shoals (0/4) Lair:2       Spider (2/4) Lair:3        Slime (0/5) Lair:5
    Orc (2/2) D:12            Elf (0/3) Orc:2        Vaults (0/5) D:14
 Depths (0/4) D:15          Sewer (visited)         Volcano (visited)

Altars:
Cheibriados
Elyvilon
Kikubaaqudgha
Okawaru
Ru
Sif Muna
Trog
Yredelemnul
Jiyva

Shops:
D:9 =(!   D:11 *   Orc:2 (*:(

Annotations:
Lair:5 3 runed translucent doors, zishaf's ghost, journeyman VSBr
Spider:1 Donald


Innate Abilities, Weirdness & Mutations

You have a pair of horns on your head.
You reflexively headbutt those who attack you in melee.


Message History

Donald is lightly wounded.
Donald hits you with a +1 long sword of electrocution!
Donald blocks your attack.
You headbutt Donald, but do no damage.
Donald is lightly wounded.
You block Donald's attack.
Donald hits you with a +1 long sword of electrocution!
You are electrocuted!
* * * LOW HITPOINT WARNING * * *
Unknown command.
A red film seems to cover your vision as you go berserk!
You feel yourself moving faster!
You feel mighty!
Donald hits you with a +1 long sword of electrocution.
* * * LOW HITPOINT WARNING * * *
Donald blocks your attack.
Your headbutt misses Donald.
Donald is lightly wounded.
Donald says, "Something's up my trousers!
Aieee!"
Donald hits you but does no damage. Donald blocks your attack.
Donald is lightly wounded.
Unknown command.
Donald blocks your attack.
You headbutt Donald, but do no damage.
Donald is lightly wounded.
Donald hits you with a +1 long sword of electrocution!
* * * LOW HITPOINT WARNING * * *
Unknown command.
You slice Donald!! Your headbutt misses Donald.
Donald is heavily wounded.
You block Donald's attack.
Unknown command.
You barely miss Donald. You headbutt Donald!
Donald is heavily wounded.
Donald hits you with a +1 long sword of electrocution!!
* * * LOW HITPOINT WARNING * * *
You are electrocuted!
* * * LOW HITPOINT WARNING * * *
Unknown command.
You hit Donald but do no damage. You headbutt Donald.
Donald is heavily wounded.
Donald hits you with a +1 long sword of electrocution!
You die...

...........# #..... .......>...##
#....# ............# ###..#
##^.........## ##..##
###.........# ##..##
######.......### ##..## ..#
##.........## ##...#
..###...........### #...##
..##............@.#######..##
..#.....^(...!.#@.....##..##
..............####....^...#######
..............# #................
##..##...###### ###......########
######### ###..### ####


You could see Donald (fast, strong).

Vanquished Creatures
  Gastronok (D:8)
  Agnes (D:15)
  A juggernaut zombie (D:15)
  The ghost of Catyentaxio the Impaler, a journeyman MfBe of Trog (Lair:4)
  2 broodmothers (Spider:1)
  Nessos (D:15)
  Azrael (D:15)
  A dire elephant (Lair:2)
  3 fire dragons
  A vault guard (D:14)
  Fannar (Lair:2)
  Harold (Lair:2)
  An ogre mage (Orc:1)
  3 catoblepae
  5 hydras
  The ghost of Darkkill the Fighter, a novice MiHu of Gozag (D:8)
  6 boulder beetles
  Erica (D:8)
  A death yak (Lair:3)
  4 centaur warriors
  2 two-headed ogres
  A skeletal warrior (D:15)
  Amaemon (Lair:1)
  A sun moth (Spider:1)
  A pharaoh ant (Spider:1)
  A swamp dragon (Lair:5)
  3 orb spiders
  A flayed ghost (D:15)
  2 wizards (D:14)
  A steelbarb worm (Spider:2)
  Pikel (D:4)
  3 lindwurms
  12 orc knights
  3 necromancers
  4 wolf spiders
  9 ugly things
  4 deep elf pyromancers
  7 cyclopes
  5 orc sorcerers
  3 manticores
  13 cane toads
  The ghost of McMuffin the Covered, a novice MiFi of Gozag (D:5)
  8 black mambas
  An orange demon (Lair:1)
  2 gargoyles
  16 elephants
  Maggie (D:7)
  7 torpor snails
  5 rime drakes
  An unseen horror (D:12)
  3 demonic crawlers
  Psyche (D:8)
  19 komodo dragons
  A guardian mummy (D:15)
  2 efreet
  2 yaktaurs (Volcano)
  9 trolls
  A meliai (shapeshifter) (D:15)
  4 meliai
  4 tarantellas (Spider:1)
  A polar bear (Lair:3)
  3 tyrant leeches (Lair:5)
  10 hornets
  A raiju (shapeshifter) (D:14)
  9 blink frogs
  4 slime creatures (D:12)
  8 dream sheep
  An ettin zombie (D:15)
  A culicivora (shapeshifter) (D:14)
  9 culicivoras (Spider:1)
  2 shadows
  4 wyverns
  A spriggan (Lair:2)
  Sigmund (D:4)
  10 jumping spiders
  A wraith (D:14)
  24 yaks
  3 fire elementals (D:15)
  6 basilisks
  3 fire bats (Lair:3)
  20 humans
  13 redbacks
  12 vampire mosquitoes
  5 steam dragons
  7 wargs
  Edmund (D:6)
  The ghost of AigisTheKnight the Digger, an amateur GrEE (D:3)
  4 acid dragons
  A floating eye (Orc:1)
  2 hell hounds (D:14)
  16 water moccasins
  A swamp drake (Lair:5)
  31 orc warriors
  2 ice beasts (D:5)
  2 black bears (D:7)
  7 ogres
  24 centaurs
  2 phantoms (D:6)
  8 wolves
  5 kobold brigands
  14 bullfrogs
  A gnoll sergeant (D:7)
  A scorpion (D:5)
  18 wights
  28 killer bees
  3 howler monkeys
  5 electric eels
  3 hounds
  5 jellies
  Crazy Yiuf (D:5)
  A gnoll bouda (D:4)
  10 orc priests
  9 iguanas
  19 orc wizards
  11 hell rats
  7 adders
  11 gnolls
  2 shadow imps
  2 white imps
  A worm (D:2)
  5 dart slugs (D:4)
  84 orcs
  9 endoplasms
  6 giant cockroaches
  6 goblins
  5 hobgoblins
  4 jackals (D:1)
  32 kobolds
  8 ball pythons
  6 bats
  5 frilled lizards
  7 rats
798 creatures vanquished.

Vanquished Creatures (others)
  A titan skeleton (D:15)
  A tengu skeleton (D:15)
  An iguana (Lair:5)
  82 fungi
  109 plants
  13 withered plants (D:15)
207 creatures vanquished.

Grand Total: 1005 creatures vanquished

Notes
Turn   | Place    | Note
-------+----------+-------------------------------------------
     0 | D:1      | cforsyth the Minotaur Berserker began the quest for the
                  | Orb.
     0 | D:1      | Reached XP level 1. HP: 19/19 MP: 0/0
   326 | D:1      | Reached XP level 2. HP: 18/27 MP: 1/1
   809 | D:2      | Reached skill level 4 in Fighting
   873 | D:2      | Reached XP level 3. HP: 33/33 MP: 2/2
  1553 | D:3      | Found a transporter.
  1555 | D:3      | Noticed AigisTheKnight's ghost (amateur GrEE)
  1556 | D:3      | Identified the +6 great mace of Puedusum {drain, Str+3
                  | Int+4 SInv}
  1556 | D:3      | Noticed an ogre
  1556 | D:3      | Identified the +6 whip "Toakaqoeh" {freeze, rPois rC-
                  | Str+4}
  1557 | D:3      | Noticed an ogre
  1558 | D:3      | Noticed an ogre
  1561 | D:3      | Reached ** piety under Trog
  1563 | D:3      | Found a transporter.
  1590 | D:3      | Found an ancient bone altar of Kikubaaqudgha.
  2065 | D:3      | Reached XP level 4. HP: 41/41 MP: 3/3
  2065 | D:3      | Found a snail-covered altar of Cheibriados.
  2128 | D:4      | Noticed a lemure
  2128 | D:4      | Noticed a lemure
  2130 | D:4      | Noticed Pikel
  2130 | D:4      | Noticed a lemure
  2130 | D:4      | Noticed a lemure
  2140 | D:4      | Killed Pikel
  2141 | D:4      | Reached skill level 5 in Fighting
  2141 | D:4      | Reached skill level 5 in Axes
  2141 | D:4      | Reached skill level 5 in Armour
  2141 | D:4      | Reached XP level 5. HP: 50/50 MP: 4/4
  2141 | D:4      | Reached XP level 6. HP: 57/57 MP: 5/5
  2141 | D:4      | Reached XP level 7. HP: 62/62 MP: 6/6
  2165 | D:4      | Found a transporter.
  2174 | D:4      | Found a sacrificial altar of Ru.
  2191 | D:4      | Found a transporter.
  2212 | D:4      | Reached skill level 6 in Fighting
  2393 | D:4      | Identified the +11 trident of Xebry {flame, rCorr}
  2419 | D:4      | Noticed Sigmund
  2420 | D:4      | Found a staircase to the Ecumenical Temple.
  2428 | D:4      | Killed Sigmund
  2429 | D:4      | Reached skill level 5 in Dodging
  2886 | D:4      | Found a bloodstained altar of Trog.
  2967 | D:4      | Reached XP level 8. HP: 55/71 MP: 7/7
  3121 | D:4      | Reached *** piety under Trog
  3176 | D:4      | Found a basalt altar of Yredelemnul.
  3345 | D:5      | Entered Level 5 of the Dungeon
  3435 | D:5      | Found a glowing drain.
  3443 | Sewer    | Entered a sewer
  3565 | Sewer    | Reached skill level 7 in Fighting
  4027 | D:5      | Reached **** piety under Trog
  4294 | D:5      | Found a runed translucent gate.
  4294 | D:5      | Found a runed translucent gate.
  4294 | D:5      | Found a runed translucent gate.
  4298 | D:5      | Noticed McMuffin's ghost (novice MiFi)
  4382 | D:5      | Found a runed translucent door.
  4383 | D:5      | Noticed Crazy Yiuf
  4533 | D:5      | Killed McMuffin's ghost
  4534 | D:5      | Reached skill level 8 in Fighting
  4534 | D:5      | Reached XP level 9. HP: 81/81 MP: 8/8
  4886 | D:5      | Killed Crazy Yiuf
  5488 | D:6      | Found a white marble altar of Elyvilon.
  5581 | D:6      | Identified the +1 robe "Plog" {Fly rC+ Dex+3}
  5973 | D:6      | Noticed Edmund
  5981 | D:6      | Killed Edmund
  6750 | D:7      | Noticed Maggie
  6753 | D:7      | Reached skill level 9 in Fighting
  6763 | D:7      | Killed Maggie
  7023 | D:7      | Reached XP level 10. HP: 68/91 MP: 9/9
  7497 | D:8      | Noticed Psyche
  7507 | D:8      | Killed Psyche
  7730 | D:8      | Noticed Erica
  7739 | D:8      | Reached ***** piety under Trog
  7743 | D:8      | Killed Erica
  7744 | D:8      | Reached skill level 10 in Fighting
  7744 | D:8      | Reached skill level 10 in Axes
  7917 | D:8      | Found a runed translucent gate.
  7918 | D:8      | Found a runed translucent gate.
  7919 | D:8      | Found a runed translucent gate.
  7921 | D:8      | Noticed Darkkill's ghost (novice MiHu)
  8206 | D:8      | Reached skill level 10 in Armour
  8308 | D:8      | Noticed Gastronok
  8324 | D:8      | Killed Gastronok
  8584 | D:8      | Reached XP level 11. HP: 101/101 MP: 10/10
  8590 | D:8      | Killed Darkkill's ghost
  8591 | D:8      | Reached skill level 11 in Fighting
  8629 | D:9      | Found Botocw's Distillery.
  8892 | D:9      | Found Uleuh's Jewellery Boutique.
  9023 | D:9      | Found Lits's Weapon Shop.
  9069 | D:9      | Found an iron altar of Okawaru.
  9101 | D:9      | Reached skill level 10 in Dodging
  9488 | D:9      | Found a staircase to the Lair.
  9846 | D:10     | Entered Level 10 of the Dungeon
 10089 | D:3      | Killed AigisTheKnight's ghost
 11410 | D:11     | Received a gift from Trog
 11575 | D:11     | Found Ecaveq's General Store.
 11932 | D:12     | Reached skill level 12 in Fighting
 11932 | D:12     | Reached skill level 1 in Ranged Weapons
 12023 | D:12     | Reached XP level 12. HP: 99/112 MP: 11/11
 12118 | D:12     | Noticed a two-headed ogre
 12127 | D:12     | Killed a two-headed ogre
 12443 | D:12     | Found a staircase to the Orcish Mines.
 12689 | D:12     | Received a gift from Trog
 12847 | Lair:1   | Entered Level 1 of the Lair of Beasts
 13014 | Lair:1   | Noticed Amaemon
 13020 | Lair:1   | Killed Amaemon
 13967 | Lair:2   | Reached skill level 13 in Fighting
 13973 | Lair:2   | Noticed Harold
 13974 | Lair:2   | Found a staircase to the Shoals.
 13991 | Lair:2   | Killed Harold
 13992 | Lair:2   | Reached skill level 5 in Ranged Weapons
 14298 | Lair:2   | Noticed Fannar
 14305 | Lair:2   | Killed Fannar
 14306 | Lair:2   | Reached XP level 13. HP: 104/122 MP: 12/12
 14671 | Lair:2   | Noticed a dire elephant
 14682 | Lair:2   | Killed a dire elephant
 15406 | Lair:3   | Found a hole to the Spider Nest.
 15429 | Lair:3   | Found a dark tunnel.
 15443 | Volcano  | Entered a volcano
 15701 | Volcano  | Identified the +1 helmet "Foaffosk" {rN+ Int+3}
 16272 | Lair:3   | Reached skill level 14 in Fighting
 16533 | Lair:3   | Received a gift from Trog
 17501 | Lair:3   | Identified the amulet "Keuz" {RegenMP Str+7}
 17862 | Lair:3   | Reached XP level 14. HP: 131/133 MP: 13/13
 18950 | Lair:4   | Found a large runed translucent door.
 18950 | Lair:4   | Found a large runed translucent door.
 18953 | Lair:4   | Noticed Catyentaxio's ghost (journeyman MfBe)
 18989 | Lair:4   | Killed Catyentaxio's ghost
 19118 | Lair:5   | Entered Level 5 of the Lair of Beasts
 19118 | Lair:5   | Found a staircase to the Slime Pits.
 19553 | Lair:5   | Reached skill level 15 in Fighting
 19556 | Lair:5   | Reached skill level 15 in Axes
 19879 | Lair:5   | Found a runed translucent gate.
 19879 | Lair:5   | Found a runed translucent gate.
 19879 | Lair:5   | Noticed an acid blob
 19879 | Lair:5   | Noticed an acid blob
 19879 | Lair:5   | Noticed an azure jelly
 19879 | Lair:5   | Noticed an azure jelly
 19880 | Lair:5   | Found a runed translucent gate.
 19940 | Lair:5   | Reached ****** piety under Trog
 20127 | Lair:5   | Found a runed translucent door.
 20253 | Lair:5   | Reached skill level 15 in Armour
 20307 | Lair:5   | Received a gift from Trog
 20860 | Lair:5   | Found a viscous altar of Jiyva.
 20860 | Lair:5   | Noticed an acid blob
 20860 | Lair:5   | Noticed an azure jelly
 20860 | Lair:5   | Noticed an azure jelly
 20860 | Lair:5   | Noticed an acid blob
 20860 | Lair:5   | Noticed zishaf's ghost (journeyman VSBr)
 20860 | Lair:5   | Noticed a quicksilver ooze
 20860 | Lair:5   | Noticed an acid blob
 20860 | Lair:5   | Noticed an azure jelly
 20860 | Lair:5   | Noticed an azure jelly
 21147 | Orc:1    | Entered Level 1 of the Orcish Mines
 21304 | Orc:1    | Paralysed by an orc sorcerer for 4 turns
 21317 | Orc:1    | Paralysed by a hornet for 3 turns
 21887 | Orc:2    | Entered Level 2 of the Orcish Mines
 22225 | Orc:2    | Reached XP level 15. HP: 129/140 MP: 14/14
 22281 | Orc:2    | Found Obbaq's General Store.
 22601 | Orc:2    | Found Doqi's Antique Weapon Boutique.
 22850 | Orc:2    | Found a staircase to the Elven Halls.
 23150 | Orc:2    | Found Ogohacut's Book Boutique.
 23333 | Orc:2    | Found Hirawkitid's Weapon Emporium.
 23340 | Orc:2    | Reached skill level 10 in Ranged Weapons
 23732 | D:13     | Received a gift from Trog
 24751 | D:13     | Reached skill level 16 in Fighting
 25714 | D:14     | Found a gate to the Vaults.
 25852 | D:14     | Found a shimmering blue altar of Sif Muna.
 25976 | D:15     | Entered Level 15 of the Dungeon
 25985 | D:15     | Noticed Agnes
 26005 | D:15     | Killed Agnes
 26552 | D:15     | Reached skill level 15 in Dodging
 26869 | D:15     | Noticed Azrael
 27152 | D:15     | Found a staircase to the Depths.
 27197 | D:15     | Killed Azrael
 27527 | D:15     | Noticed Nessos
 27534 | D:15     | Killed Nessos
 28053 | Spider:1 | Entered Level 1 of the Spider Nest
 28326 | Spider:1 | Reached XP level 16. HP: 119/152 MP: 15/15
 28336 | Spider:1 | Received a gift from Trog
 30018 | Spider:2 | Noticed Donald
 30022 | Spider:2 | Reached skill level 17 in Fighting
 30409 | Spider:1 | HP: 8/232 [Donald/+1 long sword of electrocution (12)]
 30410 | Spider:1 | Slain by Donald

Illustrated notes

Levels and vault maps discovered:
D:1:      dpeg_arrival_castle, layout_basic
D:2:      layout_basic
D:3:      layout_basic, kiku_gazebo_garden_becter, marbit_many_paths,
          gammafunk_ghost_smash, minmay_between
D:4:      layout_basic, gammafunk_temple_overflow_arena, kennysheep_little_box,
          minmay_temple_entry_waves, kennysheep_diamond,
          amcnicky_mini_rare_corridor_liquid, minmay_misc_feat_nine_boxes,
          uniq_pikel, uniq_sigmund
D:5:      layout_loops_cross, gammafunk_ghost_nasty_kobolds,
          gup_sewer_entry_bubbles, uniq_crazy_yiuf_cottage
D:6:      layout_layer_cave, elyvilon_altar_1, uniq_edmund
D:7:      layout_rooms, uniq_maggie
D:8:      layout_loops_ring, gammafunk_ghost_split, uniq_gastronok, uniq_psyche,
          uniq_erica
D:9:      layout_stronghold, okawaru_humans, david_lair_shrubbed, serial_shops,
          shop, nicolae_lakefront_shop, nicolae_shop_crystal, minivault_22
D:10:     layout_loops_ring
D:11:     layout_loops_ring, serial_shops, nicolae_shop_trees
D:12:     layout_rooms, erik_orc_2
D:13:     layout_cave_pods
D:14:     layout_roguey, grunt_vaults_entry_tiered, led_sif_book
D:15:     gammafunk_depths_entry_grave, layout_gridville, uniq_agnes,
          uniq_azrael, uniq_nessos
Lair:1:   layout_chaotic_city, serial_bayou_shore_a, uniq_amaemon
Lair:2:   mu_elephants_graveyard, layout_cave_pods,
          minmay_shoals_entry_centaurs, uniq_fannar, uniq_harold
Lair:3:   nzn_winding_woodlands_huge [nzn_winding_woodlands_5x15_garden,
          nzn_winding_woodlands_5x15_zeroes,
          nzn_winding_woodlands_5x15_split_checker,
          nzn_winding_woodlands_5x15_concentric,
          nzn_winding_woodlands_5x15_lazy_stream,
          nzn_winding_woodlands_5x15_longhouse,
          nzn_winding_woodlands_5x15_crooked,
          nzn_winding_woodlands_5x15_river_crossing,
          nzn_winding_woodlands_5x15_pathside_ponds,
          nzn_winding_woodlands_5x15_jagged, nzn_winding_woodlands_center_lodge,
          nzn_winding_woodlands_center_diamonds,
          nzn_winding_woodlands_15x15_killbox], layout_chaotic_city,
          hellmonk_spider_entry_not_the_bees, nicolae_volcano_entry_batcave,
          minivault_19
Lair:4:   layout_cave_pods, ebering_ghost_disaster_area, grunt_megastairs_1,
          infiniplex_staircase_pool_2
Lair:5:   guppyfry_lair_end_dragon, layout_regular_city, wormcave,
          slime_entry_1, gammafunk_ghost_ooze
Spider:1: layout_cave_pods
Spider:2: nicolae_spider_mines_1, nicolae_spider_claw_tunnel, uniq_donald
Orc:1:    hellmonk_paralyzer, layout_diamond_mine, nicolae_orc_bridge_out
Orc:2:    st_orc_town, layout_diamond_mine, basic_altar

Skill      XL: |  1  2  3  4  5  6  7  8  9 10 11 12 13 14 15 16 |
---------------+-------------------------------------------------+-----
Fighting       | 4 5 6 8 9 10 12 13 14 15 16 17 | 17.0
Axes           | 4 5 6 8 9 10 12 13 14 15 16 | 16.9
Armour         | 3 5 7 9 10 11 13 14 15 16 | 16.8
Dodging        | 3 4 5 6 8 9 10 12 13 14 15 | 15.5
Ranged Weapons | 2 5 7 9 11 | 11.7

Action                   |  1- 3 |  4- 6 |  7- 9 | 10-12 | 13-15 | 16-18 || total
-------------------------+-------+-------+-------+-------+-------+-------++-------
Melee: Hand axe          |    94 |     8 |    11 |       |       |       ||   113
       Headbutt          |    12 |       |    23 |    73 |   203 |    25 ||   336
       Punch             |     2 |       |     1 |     2 |       |       ||     5
       Trident           |       |       |   209 |       |       |       ||   209
       Broad axe         |       |       |    19 |   405 |    39 |       ||   463
       Battleaxe         |       |       |       |       |   798 |    78 ||   876
 Fire: Arbalest          |       |       |       |    57 |   194 |    35 ||   286
Invok: Berserk           |       |     1 |     4 |     2 |     4 |     2 ||    13
       Trog's Hand       |       |       |       |     2 |     7 |       ||     9
  Use: Scroll            |       |       |    18 |     9 |     8 |       ||    35
Armor: Chain mail        |    47 |     5 |   109 |    12 |       |       ||   173
       Plate armour      |       |       |       |   330 |   598 |    60 ||   988
Dodge: Dodged            |    51 |     4 |    99 |   251 |   509 |    54 ||   968
Block: Other             |       |       |       |    33 |   205 |    19 ||   257
       Reflection        |       |       |       |     4 |    10 |       ||    14

Table legend: (Time is in decaauts)
 A = Elapsed time spent in this place.
 B = Non-inter-level travel time spent in this place.
 C = Inter-level travel time spent in this place.
 D = Time resting spent in this place.
 E = Time spent auto-exploring this place.
 F = Levels seen in this place.
 G = Mean time per level.
                   A        B        C        D        E       F      G
               +--------+--------+--------+--------+--------+-----+--------+
         Total |  30796 |  29010 |   1786 |   5185 |  19179 |  26 | 1184.5 |
       Dungeon |  17420 |  16136 |   1284 |   2530 |  11061 |  15 | 1161.3 |
          Lair |   7926 |   7479 |    447 |    828 |   5449 |   5 | 1585.2 |
   Spider Nest |   2368 |   2360 |      8 |   1032 |   1030 |   2 | 1184.0 |
  Orcish Mines |   2407 |   2361 |     46 |    569 |   1387 |   2 | 1203.5 |
         Sewer |    366 |    366 |      0 |      0 |    252 |   1 |  366.0 |
       Volcano |    307 |    307 |      0 |    225 |      0 |   1 |  307.0 |
               +--------+--------+--------+--------+--------+-----+--------+

Top non-repeatable levels by time:
  Lair:3: 2407 daAuts
Spider:1: 2333 daAuts
     D:5: 1816 daAuts
  Lair:5: 1814 daAuts
    D:14: 1697 daAuts
   Orc:2: 1644 daAuts
     D:9: 1440 daAuts
  Lair:2: 1390 daAuts
    D:12: 1385 daAuts
     D:4: 1335 daAuts
    D:15: 1332 daAuts
     D:8: 1200 daAuts
     D:6: 1186 daAuts
  Lair:4: 1178 daAuts
  Lair:1: 1135 daAuts
